 Dungeon Crawl Stone Soup version 0.21.1-1-g345015f (webtiles) character file.

135 Econoterrorist the Ruffian (level 4, 0/40 (44) HPs)
             Began as a Troll Monk on June 28, 2018.
             Was a Believer of Qazlal.
             Slain by Terence
             ... wielding a +0 trident
              (7 damage)
             ... on level 1 of the Dungeon.
             The game lasted 00:03:54 (1120 turns).

Econoterrorist the Ruffian (Troll Monk)             Turns: 1120, Time: 00:03:55

HP:   0/40 (44)     AC:  6    Str: 19    XL:     4   Next: 97%
MP:   3/3           EV: 13    Int:  6    God:    Qazlal [**....]
Gold: 53            SH:  2    Dex: 13    Spells: 3/3 levels left

rFire    . . .     SeeInvis .     - Unarmed
rCold    . . .     Gourm    +   (no shield)
rNeg     . . .     Faith    .   a - +1 robe
rPois    .         Spirit   .   (helmet restricted)
rElec    .         Reflect  .   (no cloak)
rCorr    .         Harm     .   (gloves unavailable)
MR       .....                  (boots unavailable)
Stlth    +.........             j - amulet of inaccuracy (curse)
HPRegen  0.53/turn              d - +3 ring of evasion
MPRegen  0.08/turn              (no ring)

@: lethally poisoned (0 -> 0)
A: large, unfitting armour, claws 3, fast metabolism 3, gourmand, regeneration
1, shaggy fur 1, tough skin 2
a: Upheaval, Renounce Religion


You were on level 1 of the Dungeon.
You worshipped Qazlal.
Qazlal was pleased with you.
You were very full.

You visited 1 branch of the dungeon, and saw 2 of its levels.

You collected 53 gold pieces.

Inventory:

Armour
 a - a +1 robe (worn)
Jewellery
 d - a +3 ring of evasion (left claw)
 j - a cursed amulet of inaccuracy (around neck)
Scrolls
 f - a scroll of immolation {unknown}
Potions
 c - 2 potions of might {unknown}
 g - a potion of heal wounds {unknown}
Comestibles
 b - 3 rations


   Skills:
 - Level 2.4 Fighting
 - Level 2.4 Dodging
 - Level 1.0 Stealth
 * Level 5.7 Unarmed Combat


You had 3 spell levels left.
You didn't know any spells.

Dungeon Overview and Level Annotations

Branches:
Dungeon (2/15)

Altars:
Dithmenos
Fedhas
Nemelex Xobeh
Qazlal
Zin

Annotations:
D:1 Terence


Innate Abilities, Weirdness & Mutations

You are too large for most types of armour.
You have claws for hands.
Your metabolism is lightning-fast.
You like to eat raw meat.
Your natural rate of healing is unusually fast.
You are covered in fur. (AC +1)
You have very tough skin. (AC +2)


Message History

Terence is lightly wounded.
Terence hits you but does no damage.
You closely miss Terence.
Terence is lightly wounded.
You feel sick. Terence misses you.
You closely miss Terence.
Terence is lightly wounded.
Terence barely misses you.
You barely miss Terence.
Terence is lightly wounded.
Terence hits you with a trident!
You scratch Terence but do no damage.
Terence is lightly wounded.
You feel sick. Terence closely misses you. You block Terence's attack.
As you read the scroll of fear, it crumbles to dust.
You assume a fearsome visage.
You feel sick. Terence barely misses you. Terence hits you with a trident!
* * * LOW HITPOINT WARNING * * *
Terence hits you with a trident!
You die...

##.....## ##.....##
#....... #.......# ##...##
###.#### #.......# ##'##
#.# #.......# #.# #.#
##.....########.# #.#
##....)......#.##### #.#
##.#.####.(.......#######.#
#.#.# #.#...............#
#.#.# #.#..@.##.#########
#.#.####.#.#@###.#
#........#.#.# #.#
###.###...>..# #.#
#........#####.#
######.........#
###########


You could see Terence (berserk).

Vanquished Creatures
  A necrophage (D:1)
  2 adders (D:2)
  A leopard gecko (D:1)
  2 giant cockroaches
  3 hobgoblins
  2 quokkas (D:2)
  3 bats
  A frilled lizard (D:1)
  2 goblins (D:1)
  7 kobolds
  4 rats
28 creatures vanquished.

Notes
Turn   | Place    | Note
-------+----------+-------------------------------------------
     0 | D:1      | Econoterrorist the Troll Monk began the quest for the Orb.
     0 | D:1      | Reached XP level 1. HP: 22/22 MP: 0/0
   517 | D:1      | Reached XP level 2. HP: 29/29 MP: 1/1
   769 | D:2      | Noticed a necrophage
   791 | D:1      | Killed a necrophage
   791 | D:1      | Reached skill level 5 in Unarmed Combat
   791 | D:1      | Reached XP level 3. HP: 19/32 MP: 2/2
   791 | D:1      | Reached XP level 4. HP: 24/40 MP: 3/3
   997 | D:2      | Found a glowing silver altar of Zin.
   997 | D:2      | Found a sparkling altar of Nemelex Xobeh.
   998 | D:2      | Found a stormy altar of Qazlal.
  1046 | D:2      | Became a worshipper of Qazlal Stormbringer
  1046 | D:2      | Reached * piety under Qazlal
  1046 | D:2      | Reached ** piety under Qazlal
  1050 | D:2      | Found a blossoming altar of Fedhas.
  1053 | D:2      | Found a shadowy altar of Dithmenos.
  1093 | D:2      | Noticed Terence
  1120 | D:1      | Slain by Terence

Skill      XL: |  1  2 |
---------------+-------+-----
Unarmed Combat | 5 |  5.7
Fighting       | |  2.4
Dodging        | |  2.4
Stealth        | |  1.0

Action                   |  1- 3 |  4- 6 || total
-------------------------+-------+-------++-------
Melee: Unarmed           |    53 |    50 ||   103
  Use: Scroll            |       |     5 ||     5
  Eat: Chunk             |    11 |     3 ||    14
Armor: Robe              |    13 |    12 ||    25
Dodge: Dodged            |    36 |    39 ||    75
Block: Other             |       |     3 ||     3
